 Dungeon Crawl Stone Soup version 0.30.0-19-g36f170ea60 (webtiles) character file.

Game seed: 18164512651665463144

38 CaptainMV the Slasher (level 3, 0/24 HPs)
             Began as a Demonspawn Wanderer on May 26, 2023.
             Succumbed to an adder's poison
             ... on level 2 of the Dungeon.
             The game lasted 00:06:11 (999 turns).

CaptainMV the Slasher (Demonspawn Wanderer)          Turns: 999, Time: 00:06:11

Health: 0/24       AC:  3    Str: 19    XL:     3   Next: 25%
Magic:  4/4        EV: 11    Int: 11    God:
Gold:   7          SH:  0    Dex: 15    Spells: 4/4 levels left

rFire   . . .        a - +2 falchion
rCold   . . .        (no shield)
rNeg    . . .        e - +0 leather armour
rPois   .            (helmet restricted)
rElec   .            (no cloak)
rCorr   .            (no gloves)
SInv    .            (no boots)
Will    .....        (no amulet)
Stlth   ++           g - +6 ring of strength
HPRegen 0.24/turn    (no ring)
MPRegen 0.09/turn

%: no passive effects
@: lethally poisoned (0 -> -1)
A: horns 1, ignite blood 1
a: no special abilities


You were on level 2 of the Dungeon.
You visited 1 branch of the dungeon, and saw 2 of its levels.

You collected 7 gold pieces.

Inventory:

Hand Weapons
 a - a +2 falchion (weapon)
 b - a +0 quarterstaff
Armour
 e - a +0 leather armour (worn)
Jewellery
 g - a +6 ring of strength (left hand)
Wands
 c - a wand of polymorph (3) (quivered)
Scrolls
 d - a scroll of blinking
 h - a scroll of teleportation


   Skills:
 + Level 0.2 Fighting
 + Level 3.4 Long Blades
 + Level 2.0 Staves
 + Level 0.8 Armour
 + Level 1.2 Stealth
 + Level 1.0 Spellcasting
 + Level 1.2 Invocations
 + Level 2.1 Evocations


You had 4 spell levels left.
You didn't know any spells.
Your spell library was empty.

Dungeon Overview and Level Annotations

Branches:
Dungeon (2/15)

Altars:

Shops:
D:1 *


Innate Abilities, Weirdness & Mutations

You have a pair of small horns on your head.
Your demonic aura sometimes causes spilled blood to erupt in flames.


Message History

The adder bites you.
You are poisoned.
The adder poisons you!
You barely miss the adder.
You feel sick.
The hobgoblin shouts!
The adder bites you.
You barely miss the adder.
You feel sick. The adder bites you but does no damage.
The adder closely misses you.
You closely miss the adder.
You feel sick. The adder barely misses you.
You barely miss the adder.
You feel sick. The adder closely misses you. x2
You hit the adder.
You headbutt the adder, but do no damage.
The adder is heavily wounded.
You feel sick.
You are no longer poisoned.
The hobgoblin closely misses you. The adder barely misses you.
You barely miss the adder.
The adder is heavily wounded.
The hobgoblin hits you. The adder bites you.
You are poisoned.
The adder poisons you! The adder bites you.
* * * LOW HITPOINT WARNING * * *
The hobgoblin closely misses you.
You miss the adder.
The adder is heavily wounded.
* * * LOW HITPOINT WARNING * * *
You feel sick. The adder closely misses you. The hobgoblin closely misses you.
You barely miss the adder.
The adder is heavily wounded.
* * * LOW HITPOINT WARNING * * *
You feel sick. The adder barely misses you.
The hobgoblin hits you but does no damage.
The adder closely misses you.
You hit the adder.
The adder is almost dead.
* * * LOW HITPOINT WARNING * * *
You feel sick. The adder barely misses you. The hobgoblin closely misses you.
You barely miss the adder.
The adder is almost dead.
You die...

### #### #.. ..# ####
#.# #.# #.... #.#
###.####### #.....####.#
#..........
#.(...S@.#.###.#.#######
#.....g..........# #
#.....##.#.#.....# #
###..# #.#.........# #
#.. #.###.#.###.# # #.
#.......# .# # .
#####.#.# # # #. ..#+# #
### #


You could see an adder and a hobgoblin.

Vanquished Creatures
  An adder (D:2)
  3 endoplasms (D:1)
  2 giant cockroaches (D:1)
  2 goblins (D:1)
  5 hobgoblins (D:1)
  A quokka (D:2)
  2 ball pythons (D:1)
  3 bats (D:1)
  4 frilled lizards (D:1)
  3 kobolds (D:1)
  2 rats (D:1)
28 creatures vanquished.

Notes
Turn   | Place    | Note
-------+----------+-------------------------------------------
     0 | D:1      | CaptainMV the Demonspawn Wanderer began the quest for the
                  | Orb.
     0 | D:1      | CaptainMV set off with the following items: a +2 falchion,
                  | a +0 quarterstaff, a wand of polymorph (4), a scroll of
                  | blinking, a +0 leather armour.
     0 | D:1      | Reached XP level 1. HP: 13/13 MP: 2/2
   148 | D:1      | Reached skill level 3 in Long Blades
   227 | D:1      | Gained mutation: Your demonic aura sometimes causes spilled
                  | blood to erupt in flames. [demonic ancestry]
   227 | D:1      | Reached XP level 2. HP: 19/19 MP: 3/3
   249 | D:1      | Found Daenir's General Store.
   822 | D:2      | Gained mutation: You have a pair of small horns on your
                  | head. [demonic ancestry]
   822 | D:2      | Reached XP level 3. HP: 7/24 MP: 4/4
   998 | D:2      | HP: 1/24 [poisoned by an adder]
   999 | D:2      | Succumbed to an adder's poison

Illustrated notes

Levels and vault maps discovered:
D:1:      evilmike_arrival_crescent, layout_basic, serial_shops, shop,
          minmay_misc_feat_ornament
D:2:      minmay_angry_zag, layout_loops_corners, uniq_crazy_yiuf_cottage,
          uniq_terence

Skill      XL: |  1  2 |
---------------+-------+-----
Long Blades    | 3 |  3.4
Staves         | 2 |  2.0
Fighting       | |  0.2
Armour         | |  0.8
Stealth        | |  1.2
Spellcasting   | |  1.0
Invocations    | |  1.2
Evocations     | |  2.1

Action                     || total
---------------------------++-------
  Melee: Falchion          ||    79
         Headbutt          ||     1
  Evoke: Wand              ||     1
    Use: Scroll            ||     1
         Potion            ||     1
   Stab: Sleeping          ||     2
 Armour: Leather armour    ||    22
  Dodge: Dodged            ||    54
